 Dungeon Crawl Stone Soup version 0.24.0-35-gdb84b6a5db (webtiles) character file.

Game seed: 1626448242324955689, levelgen mode: deterministic

6523 Esekla the Thaumaturge (level 10, 0/71 HPs)
             Began as a Demonspawn Wanderer on Nov 17, 2019.
             Was the Champion of Jiyva.
             Slain by a hippogriff (4 damage)
             ... while petrified by a basilisk
             ... on level 10 of the Dungeon on Nov 18, 2019.
             The game lasted 01:44:24 (9175 turns).

Esekla the Thaumaturge (Demonspawn Wanderer)        Turns: 9175, Time: 01:44:25

Health: 0/71       AC:  8    Str: 10    XL:     10   Next: 69%
Magic:  2/22       EV:  2    Int: 20    God:    Jiyva [******]
Gold:   461        SH:  0    Dex: 10    Spells: 11/25 levels left

rFire    . . .     SeeInvis .   O - +2 scimitar (elec)
rCold    . . .     Gourm    .   (no shield)
rNeg     + + +     Faith    .   e - +0 troll leather armour {Purgy}
rPois    ∞         Spirit   .   (helmet unavailable)
rElec    .         Reflect  .   Q - +2 cloak
rCorr    +         Harm     .   J - +0 pair of gloves
MR       +....                  (no boots)
Stlth    +.........             g - amulet of rage
HPRegen  0.61/turn              c - +3 ring of evasion
MPRegen  0.18/turn              G - +2 ring of evasion

@: petrified
A: hooves 1, horns 3, molten scales 1, dopey 1, magic resistance 1, poison
resistance, powered by death 1, pseudopods 1, evolution 2, rot immunity
a: Request Jelly, Slimify, Cure Bad Mutation, Renounce Religion, Evoke Berserk
Rage


You were on level 10 of the Dungeon.
You worshipped Jiyva.
Jiyva was exalted by your worship.
You were very full.

You visited 1 branch of the dungeon, and saw 10 of its levels.
You also visited: Sewer.

You collected 461 gold pieces.

Inventory:

Hand Weapons
 a - a +3 trident
 l - a +1 rapier of draining
 m - a +3 dagger of speed
 O - a +2 scimitar of electrocution (weapon)
Missiles
 j - 12 boomerangs (quivered)
 x - 27 poisoned darts
Armour
 e - a +0 troll leather armour (worn) {Purgy}
 v - a +0 ring mail of fire resistance
 F - the +15 Maxwell's patent armour {-Cast -Tele rElec MR+ rCorr}
   (You took it off an orc on level 6 of the Dungeon)

   It insulates you from electricity.
   It affects your resistance to hostile enchantments.
   It prevents spellcasting.
   It prevents most forms of teleportation.
   It provides partial protection from all sources of acid and corrosion.
 J - a +0 pair of gloves (worn)
 Q - a +2 cloak (worn)
Jewellery
 c - a +3 ring of evasion (left hand)
 d - the ring "Gemumudd" {rPois rN++}
   (You found it on level 4 of the Dungeon)

   [ring of poison resistance]

   It protects you from poison.
   It greatly protects you from negative energy.
 g - an amulet of rage (around neck)
 k - an uncursed ring of protection from magic {unknown}
 u - an uncursed ring of ice
 G - a +2 ring of evasion (right hand)
Wands
 b - a wand of flame (6)
 A - a wand of polymorph (6)
 E - a wand of iceblast (7)
 I - a wand of paralysis (10)
 N - a wand of digging (2)
Scrolls
 h - a scroll of enchant armour
 n - 6 scrolls of remove curse
 s - a scroll of magic mapping
 t - a scroll of blinking
 w - a scroll of enchant weapon
 C - 5 scrolls of identify
 H - a scroll of amnesia
 L - a scroll of silence {unknown}
 P - 2 scrolls of teleportation
Potions
 i - 2 potions of flight
 o - a potion of resistance
 p - a potion of berserk rage {unknown}
 q - a potion of brilliance
 r - a potion of degeneration {unknown}
 z - 2 potions of cancellation
 B - a potion of lignification {unknown}
 D - a potion of invisibility {unknown}
Miscellaneous
 y - a lightning rod (4/4)
Comestibles
 f - 9 rations


   Skills:
 + Level 4.1 Fighting
 + Level 1.9(3.8) Short Blades
 * Level 5.2(5.4) Long Blades
 + Level 1.7 Polearms
 * Level 2.6 Armour
 + Level 3.1 Dodging
 * Level 8.0 Spellcasting
 * Level 1.0 Hexes
 * Level 3.6 Charms
 * Level 1.6 Necromancy
   Level 1.0 Ice Magic
 * Level 6.5 Air Magic
 + Level 6.4 Poison Magic
 + Level 2.5 Evocations


You had 11 spell levels left.
You knew the following spells:

 Your Spells              Type           Power        Failure   Level  Hunger
a - Swiftness             Chrm/Air       ####....     1%          2    None
b - Shroud of Golubria    Chrm/Tloc      ###...       9%          2    None
g - Regeneration          Chrm/Necr      ###.......   12%         3    None
s - Song of Slaying       Chrm           ###.....     3%          2    None
v - Poisonous Vapours     Pois/Air       ####..       1%          2    None
w - Spectral Weapon       Hex/Chrm       ###.....     13%         3    None

Your spell library contained the following spells:

 Spells                   Type           Power        Failure   Level  Hunger
 Infusion                 Chrm           ###.         2%          1    None
 Ice Form                 Ice/Tmut       ##......     65%         4    ###....
 Metabolic Englaciation   Hex/Ice        ##........   90%         5    #####..
 Freezing Cloud           Conj/Ice/Air   ###.......   99%         6    ######.
 Bolt of Cold             Conj/Ice       ##........   100%        6    ######.
 Ozocubu's Refrigeration  Ice            ##........   100%        6    ######.
 Simulacrum               Ice/Necr       ##........   100%        6    ######.


Dungeon Overview and Level Annotations

Branches:
Dungeon (10/15)            Temple (0/1) D:5            Lair (0/6) D:10
  Sewer (visited)
    Orc: D:9-12

Altars:
Ashenzari
Cheibriados
Gozag
Hepliaklqana
Makhleb
Nemelex Xobeh
Qazlal
Ru
Vehumet
Wu Jian
Xom
Yredelemnul
Jiyva

Shops:
D:5 *   D:7 [

Annotations:
D:4 2 runed translucent doors


Innate Abilities, Weirdness & Mutations

You have a pair of large horns on your head.
You are partially covered in molten scales. (AC +2)
You regenerate a little health from kills.
You are immune to rotting.
You have large cloven feet.
You are dopey. (Int -2)
You are resistant to hostile enchantments. (MR+)
Your system is resistant to poisons. (rPois)
Armour fits poorly on your pseudopods.
You rapidly evolve.


Message History

The hippogriff pecks you.
* * * LOW HITPOINT WARNING * * *
The hippogriff claws you but does no damage.
The basilisk gazes at you. You resist with almost no effort.
The hippogriff bites you but does no damage.
The hippogriff completely misses you. The hippogriff claws you.
* * * LOW HITPOINT WARNING * * *
The hippogriff looks more healthy.
The basilisk gazes at you. You resist with almost no effort.
The hippogriff bites you!
* * * LOW HITPOINT WARNING * * *
The hippogriff pecks you.
* * * LOW HITPOINT WARNING * * *
The hippogriff claws you.
* * * LOW HITPOINT WARNING * * *
The basilisk bites you!
* * * LOW HITPOINT WARNING * * *
The hippogriff bites you!
You die...

#.......# #.......# ..##
####.......#
....##..#.......#
.......P..#....#####.#######
.P.............##...........
....>.......................
............l...............
....... ..#.H@..............
....... #.†.###....(......
#.....####...# #...........
#..........# #...........
##.........# #...........
#.........# ###########
#.........# ###########


You could see a hippogriff and a basilisk.

Vanquished Creatures
  A centaur warrior (D:9)
  An elephant (D:10)
  2 hippogriffs
  Sigmund (D:2)
  3 hogs (D:7)
  A basilisk (D:10)
  A yak (D:7)
  5 humans (D:9)
  A steam dragon (D:7)
  4 orc warriors
  A slave (D:3)
  Purgy (Sewer)
  A hornet zombie (D:10)
  An ogre (D:5)
  3 sky beasts
  A black bear (D:10)
  A phantom (D:8)
  A crocodile (D:9)
  3 big kobolds
  3 bullfrogs
  A gnoll sergeant (D:9)
  3 scorpions
  4 killer bees (D:8)
  4 wights (D:7)
  4 howler monkeys
  4 crimson imps
  A bullfrog zombie (D:7)
  5 hounds
  A centaur skeleton (D:4)
  3 gnoll shamans (D:7)
  8 orc wizards
  Crazy Yiuf (D:7)
  2 bullfrog skeletons
  4 orc priests
  Jessica (D:3)
  Terence (D:3)
  3 worker ants
  A hound zombie (D:5)
  11 gnolls
  6 adders
  A shadow imp (D:7)
  An adder zombie (D:6)
  2 adder skeletons (D:8)
  A dart slug (D:1)
  5 leopard geckos
  21 orcs
  4 bats
  6 giant cockroaches
  7 goblins
  8 hobgoblins
  9 jackals
  4 quokkas
  5 ball pythons
  2 frilled lizards
  19 kobolds
  A leopard gecko skeleton (D:5)
  A leopard gecko zombie (D:4)
  5 rats
  A fungus (D:7)
207 creatures vanquished.

Vanquished Creatures (others)
  Pikel (D:4)
  A yak (D:4)
  2 humans
  A slave (D:4)
  A phantom (D:5)
  An ice beast (D:9)
  An ogre (D:4)
  2 centaurs (D:8)
  A big kobold (D:9)
  A bullfrog (D:9)
  2 gnoll sergeants (D:7)
  3 crimson imps
  16 jellies
  4 hounds
  A centaur skeleton (D:4)
  4 orc priests
  2 orc wizards (D:4)
  An iguana (D:9)
  3 worker ants
  A hound zombie (D:4)
  5 gnolls
  3 adders
  2 oozes
  A leopard gecko (D:4)
  11 orcs
  2 jackals (D:4)
  10 kobolds (D:9)
  A quokka (D:4)
  A rat (D:4)
  A fungus (D:10)
  A plant (D:10)
87 creatures vanquished.

Grand Total: 294 creatures vanquished

Notes
Turn   | Place    | Note
-------+----------+-------------------------------------------
     0 | D:1      | Esekla the Demonspawn Wanderer began the quest for the Orb.
     0 | D:1      | Esekla set off with the following items: a +0 spear, a wand
                  | of flame (15), a +0 robe, a ration; and the following
                  | spells available to memorise: Poisonous Vapours, Swiftness
     0 | D:1      | Reached XP level 1. HP: 16/16 MP: 4/4
   496 | D:1      | Gained mutation: You have a pair of small horns on your
                  | head. [demonic ancestry]
   496 | D:1      | Reached XP level 2. HP: 22/22 MP: 6/6
   507 | D:1      | Learned a level 2 spell: Poisonous Vapours
   652 | D:2      | Found a stormy altar of Qazlal.
   654 | D:2      | Noticed an earth elemental
   654 | D:2      | Noticed a fire elemental
   655 | D:2      | Noticed a water elemental
   655 | D:2      | Noticed an air elemental
  1245 | D:2      | Noticed Sigmund
  1310 | D:2      | Killed Sigmund
  1310 | D:2      | Reached skill level 1 in Dodging
  1310 | D:2      | Reached skill level 4 in Spellcasting
  1310 | D:2      | Reached skill level 1 in Air Magic
  1310 | D:2      | Reached skill level 1 in Poison Magic
  1310 | D:2      | Reached XP level 3. HP: 10/28 MP: 2/8
  1310 | D:2      | Gained mutation: You have a pair of horns on your head.
                  | [demonic ancestry]
  1310 | D:2      | Reached XP level 4. HP: 12/34 MP: 2/10
  1310 | D:2      | Gained mutation: You have a pair of large horns on your
                  | head. [demonic ancestry]
  1310 | D:2      | Reached XP level 5. HP: 14/39 MP: 2/11
  1869 | D:2      | Noticed a sky beast
  1905 | D:2      | Killed a sky beast
  1905 | D:2      | Reached XP level 6. HP: 38/46 MP: 4/12
  1951 | D:2      | Learned a level 2 spell: Swiftness
  2207 | D:2      | Found a faded altar of an unknown god.
  2290 | D:2      | Became a worshipper of Jiyva Jaecug the Shapeless
  2290 | D:2      | Reached * piety under Jiyva
  2934 | D:3      | Noticed Jessica
  2938 | D:3      | Killed Jessica
  2947 | D:3      | Noticed Terence
  3168 | D:3      | Found an ornate altar of the Wu Jian Council.
  3589 | D:3      | Killed Terence
  3589 | D:3      | Reached skill level 5 in Spellcasting
  3597 | D:3      | Reached ** piety under Jiyva
  3680 | D:4      | Noticed a slave
  3681 | D:4      | Noticed Pikel
  3692 | D:4      | Noticed a slave
  3715 | D:3      | Killed a slave
  3905 | D:4      | Noticed a slave
  3925 | D:4      | Gained mutation: You are partially covered in molten
                  | scales. (AC +2) [demonic ancestry]
  3925 | D:4      | Reached XP level 7. HP: 49/51 MP: 3/14
  4014 | D:4      | Found a sparkling altar of Nemelex Xobeh.
  4036 | D:4      | Reached *** piety under Jiyva
  4057 | D:4      | Found a glowing drain.
  4108 | D:4      | Gained mutation: You have a small jelly attached to you
                  | that may absorb incoming projectiles. [Jiyva's grace]
  4126 | Sewer    | Entered a sewer
  4212 | Sewer    | Noticed Purgy
  4222 | Sewer    | Killed Purgy
  4222 | Sewer    | Reached skill level 1 in Charms
  4308 | Sewer    | Reached **** piety under Jiyva
  4630 | D:4      | Killed a yak
  4654 | D:4      | Gained mutation: You have a small jelly attached to you
                  | that senses nearby items. [Jiyva's grace]
  4792 | D:4      | Found a large runed translucent door.
  4797 | D:4      | Found a large runed translucent door.
  4807 | D:4      | Found a shattered altar of Ashenzari.
  4807 | D:4      | Found a large runed translucent door.
  4807 | D:4      | Found a large runed translucent door.
  4856 | D:4      | Killed Pikel
  5048 | D:4      | Reached ***** piety under Jiyva
  5104 | D:5      | Entered Level 5 of the Dungeon
  5119 | D:5      | Found a staircase to the Ecumenical Temple.
  5134 | D:5      | Found Kefi's Assorted Antiques.
  5297 | D:5      | Found a shimmering altar of Xom.
  5297 | D:5      | Found a sacrificial altar of Ru.
  5310 | D:5      | Found a burning altar of Makhleb.
  5502 | D:5      | Gained mutation: You are immune to rotting. [demonic
                  | ancestry]
  5502 | D:5      | Reached XP level 8. HP: 52/58 MP: 9/16
  5927 | D:5      | Reached skill level 1 in Short Blades
  6038 | D:4      | Got a transparent bone ring
  6042 | D:4      | Identified the ring "Gemumudd" {rPois rN++} (You found it
                  | on level 4 of the Dungeon)
  6122 | D:6      | Reached skill level 1 in Armour
  6381 | D:6      | Lost mutation: You have a small jelly attached to you that
                  | senses nearby items. [Jiyva's grace]
  6391 | D:6      | Found an opulent altar of Gozag.
  6486 | D:6      | Gained mutation: You evolve. [Jiyva's grace]
  6907 | D:7      | Found Waoser's Antique Armour Boutique.
  7019 | D:7      | Reached skill level 5 in Poison Magic
  7022 | D:7      | Reached skill level 6 in Spellcasting
  7072 | D:7      | Reached XP level 9. HP: 59/64 MP: 12/18
  7123 | D:7      | Reached skill level 5 in Air Magic
  7138 | D:7      | Reached ****** piety under Jiyva
  7167 | D:7      | Gained mutation: Your system is resistant to poisons.
                  | (rPois) [Jiyva's grace]
  7196 | D:7      | Gained mutation: Your magical capacity is low. (-10% MP)
                  | [Jiyva's grace]
  7199 | D:7      | Reached skill level 1 in Long Blades
  7226 | D:7      | Found a snail-covered altar of Cheibriados.
  7391 | D:7      | Found a runed translucent door.
  7392 | D:7      | Noticed Crazy Yiuf
  7399 | D:7      | Killed Crazy Yiuf
  7808 | D:8      | Reached skill level 7 in Spellcasting
  7835 | D:8      | Gained mutation: You rapidly evolve. [Jiyva's grace]
  7890 | D:8      | Found a hazy altar of Hepliaklqana.
  7934 | D:8      | Gained mutation: You regenerate a little health from kills.
                  | [demonic ancestry]
  7934 | D:8      | Reached XP level 10. HP: 71/71 MP: 9/18
  7949 | D:8      | Lost mutation: Your magical capacity is low. (-10% MP)
                  | [Jiyva's grace]
  7997 | D:8      | Found a radiant altar of Vehumet.
  8144 | D:8      | Lost mutation: You have a small jelly attached to you that
                  | may absorb incoming projectiles. [Jiyva's grace]
  8282 | D:8      | Gained mutation: You are dopey. (Int -2) [evolution]
  8623 | D:9      | Noticed a centaur warrior
  8637 | D:9      | Killed a centaur warrior
  8656 | D:9      | Gained mutation: Armour fits poorly on your pseudopods.
                  | [Jiyva's grace]
  8684 | D:9      | Gained mutation: You are resistant to hostile enchantments.
                  | (MR+) [Jiyva's grace]
  8767 | D:9      | Gained mutation: You have large cloven feet. [Jiyva's
                  | grace]
  8988 | D:9      | Found a basalt altar of Yredelemnul.
  9023 | D:9      | Learned a level 2 spell: Song of Slaying
  9027 | D:9      | Learned a level 3 spell: Regeneration
  9031 | D:9      | Learned a level 3 spell: Spectral Weapon
  9034 | D:9      | Learned a level 2 spell: Shroud of Golubria
  9066 | D:10     | Entered Level 10 of the Dungeon
  9113 | D:10     | Reached skill level 5 in Long Blades
  9137 | D:10     | Noticed an elephant
  9153 | D:10     | Found a staircase to the Lair.
  9166 | D:10     | Killed an elephant
  9166 | D:10     | Reached skill level 8 in Spellcasting
  9166 | D:10     | Reached skill level 1 in Hexes
  9175 | D:10     | Slain by a hippogriff

Levels and vault maps discovered:
D:1:      lightli_arrival_farm, layout_basic
D:2:      layout_loops_corners, nicolae_qazlal_style_of_elements,
          chequers_ecumenical_altar_island, uniq_sigmund
D:3:      layout_rooms, old_standard_altar, uniq_jessica, uniq_terence
D:4:      cheibrodos_old_hovel, layout_basic, lemuel_crystal_altar,
          ashenzari_conservatory_becter, first_ration,
          cheibrodos_sewer_entry_drain, minmay_misc_feat_roman,
          corexii_corridor_pit, minmay_hollow_rounded_squares, uniq_pikel
D:5:      layout_loops_corners, nicolae_overflow_crystal_walls,
          gammafunk_temple_overflow_wave, minmay_temple_entry_ruins,
          serial_shops, shop
D:6:      layout_loops_cross, grunt_gozag_statues, lightli_minifort
D:7:      layout_cave_pools, overflow_temple_1_default, serial_gnoll_camp,
          gnoll_camp_medium_01, gnoll_camp_mini_hut, gnoll_camp_mini_hut,
          gnoll_camp_mini_house, serial_shops, kennysheep_little_box,
          grunt_livestock, uniq_crazy_yiuf_cottage
D:8:      layout_loops_corners, lemuel_doored_altar,
          lemuel_coloured_pillars_altar
D:9:      layout_cave_pools, lemuel_round_altar, minmay_ruffians
D:10:     layout_basic, david_lair_generic

Skill      XL: |  1  2  3  4  5  6  7  8  9 10 |
---------------+-------------------------------+-----
Dodging        | 1 2 3 |  3.1
Spellcasting   | 4 5 6 7 8 |  8.0
Air Magic      | 1 2 4 5 6 |  6.5
Poison Magic   | 1 2 3 5 6 |  6.4
Charms         | 1 3 |  3.6
Fighting       | 3 4 |  4.1
Short Blades   | 1 |  1.9
Armour         | 1 2 |  2.6
Long Blades    | 3 5 |  5.2
Hexes          | 1 |  1.0
Polearms       | |  1.7
Necromancy     | |  1.6
Ice Magic      | |  1.0
Evocations     | |  2.5

Action                   |  1- 3 |  4- 6 |  7- 9 | 10-12 || total
-------------------------+-------+-------+-------+-------++-------
Melee: Spear             |    34 |    53 |     2 |       ||    89
       Headbutt          |     1 |    10 |    30 |     9 ||    50
       Dagger            |       |       |   217 |       ||   217
       Scimitar          |       |       |    83 |    87 ||   170
       Pseudopods        |       |       |       |    11 ||    11
       Kick              |       |       |       |    10 ||    10
Throw: Boomerang         |     6 |     7 |    15 |       ||    28
 Cast: Poisonous Vapours |     9 |    64 |   157 |    40 ||   270
Evoke: Wand              |     1 |       |     9 |       ||    10
  Use: Potion            |       |     1 |       |       ||     1
       Scroll            |       |       |    16 |       ||    16
 Stab: Sleeping          |       |     1 |     1 |       ||     2
       Paralysed         |       |       |     4 |       ||     4
  Eat: Chunk             |     2 |     5 |       |       ||     7
       Ration            |       |     1 |       |       ||     1
Armor: Robe              |     4 |    12 |     4 |       ||    20
       Troll leather arm |       |       |    86 |    57 ||   143
Dodge: Dodged            |    19 |    25 |   270 |   157 ||   471
       Rpst.: Scimitar   |       |       |    41 |    36 ||    77
